 Dungeon Crawl Stone Soup version 0.29-a0-506-ga2e7fffb44 (webtiles) character file.

Game seed: 288945983657625854

2730 frimble the Skirmisher (level 9, 0/74 HPs)
             Began as a Formicid Hunter on May 29, 2022.
             Shot with an arrow by a centaur (10 damage)
             ... on level 9 of the Dungeon.
             The game lasted 00:10:44 (8164 turns).

frimble the Skirmisher (Formicid Hunter)            Turns: 8164, Time: 00:10:45

Health: 0/74       AC:  3    Str: 17      XL:     9   Next: 99%
Magic:  9/9        EV: 12    Int:  6 (8)  God:
Gold:   350        SH:  0    Dex: 16 (18) Spells: 8/8 levels left

rFire   + . .      SeeInvis +   a - +0 long sword (elec)
rCold   . . .      Faith    .   (no shield)
rNeg    . . .      Spirit   .   p - +0 robe {Will+}
rPois   .          Reflect  .   (helmet unavailable)
rElec   .          Harm     .   d - scarf {repulsion}
rCorr   +          Rampage  .   c - +0 pair of gloves
Will    +....                   (no boots)
Stlth   ++++......              u - amulet of the acrobat
HPRegen 0.22/turn               m - ring of resist corrosion
MPRegen 0.11/turn               k - ring of protection from fire

@: lethally poisoned (0 -> -4), repel missiles
A: permanent stasis, dig shafts and tunnels, antennae 3, four strong arms
a: Dig, Shaft Self


You were on level 9 of the Dungeon.
You visited 2 branches of the dungeon, and saw 10 of its levels.

You collected 350 gold pieces.

Inventory:

Hand Weapons
 a - a +0 long sword of electrocution (weapon)
 b - a +0 hunting sling of freezing
 e - a +1 dagger of venom
 y - a +1 short sword of draining
Missiles
 g - 10 poisoned darts
Armour
 c - a +0 pair of gloves (worn)
 d - a scarf of repulsion (worn)
 o - a +0 cloak
 p - a +0 robe of willpower (worn)
Jewellery
 k - a ring of protection from fire (right hand)
 m - a ring of resist corrosion (left hand)
 u - an amulet of the acrobat (around neck)
 x - a ring of protection from cold
Wands
 r - a wand of flame (6)
Scrolls
 f - 3 scrolls of poison
 j - 2 scrolls of amnesia
 s - 3 scrolls of fog
Potions
 i - a potion of cancellation
 l - 3 potions of attraction
 n - a potion of heal wounds
 q - 2 potions of flight
 w - 4 potions of curing {unknown}
 z - a potion of berserk rage {unknown}


   Skills:
 - Level 7.8 Fighting
 - Level 7.4(7.8) Short Blades
 + Level 3.9(6.1) Long Blades
 - Level 6.2 Slings
 - Level 1.7 Dodging
 - Level 7.3 Stealth


You had 8 spell levels left.
You didn't know any spells.
Your spell library contained the following spells:

 Spells                   Type           Power      Damage    Failure   Level
 Magic Dart               Conj           0%         1d3       45%         1
 Shock                    Conj/Air       0%         1d3       45%         1
 Summon Small Mammal      Summ           0%         N/A       45%         1
 Searing Ray              Conj           0%         2d4       58%         2
 Call Canine Familiar     Summ           0%         N/A       83%         3
 Ignite Poison            Fire/Tmut/Pois 0%         N/A       83%         3
 Mephitic Cloud           Conj/Pois/Air  0%         N/A       83%         3
 Summon Guardian Golem    Hex/Summ       0%         N/A       83%         3
 Fulminant Prism          Conj/Hex       0%         3d6       99%         4
 Passage of Golubria      Tloc           0%         N/A       99%         4
 Freezing Cloud           Conj/Ice/Air   0%         6-21      100%        5
 Silence                  Hex/Air        0%         N/A       100%        5
 Lehudib's Crystal Spear  Conj/Erth      0%         10d2      100%        8


Dungeon Overview and Level Annotations

Branches:
Dungeon (9/15)             Temple (1/1) D:7
   Lair: D:8-11         Orc: D:9-12

Altars:
Cheibriados
Dithmenos
Elyvilon
Fedhas
Kikubaaqudgha
Makhleb
Nemelex Xobeh
Okawaru
Ru
Sif Muna
Uskayaw
Vehumet
Xom
Yredelemnul
Zin
The Shining One

Annotations:
D:3 2 transporters, kyalle's ghost, amateur MfFi
D:6 Eustachio
D:8 Grum


Innate Abilities, Weirdness & Mutations

You cannot be hasted, slowed, berserked, paralysed or teleported.
You can dig through walls and to a lower floor.
You have a pair of large antennae on your head. (SInv)
Your four strong arms can wield two-handed weapons with a shield.


Message History

Are you sure you want to fly over deep water while you are losing your buoyancy? [Y]es or [N]o only, please.
Are you sure you want to fly over deep water while you are losing your buoyancy?
A centaur comes into view.
You float gracefully downwards. 3 killer bees come into view.
Found 13 gold pieces.
A killer bee comes into view.
The killer bee buzzes angrily.
You hear a shout!
The killer bee buzzes angrily.
You hear an angry buzzing noise. x2 2 yaks come into view.
You hear an angry buzzing noise.
A yak and a centaur come into view.
The yak bellows!
You hear a shout!
A yak comes into view.
Okay, then.
You hear the faint creaking of a portcullis very nearby.
The yak bellows! x2; You hear a shout!
The centaur wields a +0 shortbow.
The centaur shoots an arrow.
The arrow hits you!
You closely miss the killer bee. The killer bee stings you.
The centaur shoots an arrow.
The arrow barely misses you. The killer bee stings you!
The centaur shoots an arrow.
The arrow hits you!
* * * LOW HITPOINT WARNING * * *
Okay, then.
Unknown command.
Okay, then.
Okay, then.
Unknown command.
Are you sure you want to shaft yourself?
The killer bee closely misses you. The yak barely misses you.
The killer bee stings you!
* * * LOW HITPOINT WARNING * * *
You are poisoned.
The killer bee poisons you!
You begin to dig a shaft.
You continue digging a shaft.
You feel sick.
The killer bee stings you but does no damage.
The centaur shoots an arrow.
The arrow hits you!
You die...

*,,≈*,,,*≈,*,***,,,,,,,,,,,,
*,,≈*####≈.......#≈,*,,,,,,,
*,,≈≈≈≈≈≈≈........≈≈*,,***,*
*,,,,,,..........≈.≈≈,,***,*
*,**,###.........≈.#≈,,,,,,,
*,,,,,.......Y.≈≈≈#.≈≈,,,,,,
*******#...Y...c.#..#≈<***,,
#...YY.....≈.#≈,****,
#...@.....≈≈..,,,***,
#....y...≈≈#,,,*,,**,
##.###.##≈.#.#,.≈***,
******##.###.#..#..#.≈≈≈,,,
*,,,,...........##.#.#,***,
*,***##..##.....#....#.***,
*,* #,,*#..##........,,,,
*,* #,,*#..##...###..***,
*,* #.,*#.......# *,,* *,


You could see 4 yaks, a centaur and a killer bee.

Vanquished Creatures
  Pikel (D:8)
  Joseph (D:9)
  Sigmund (D:6)
  Menkaure (D:6)
  An acid dragon (D:8)
  3 black bears
  A wolf (D:8)
  A centaur (D:6)
  2 phantoms
  A kobold brigand (D:7)
  Blork the orc (D:5)
  A bullfrog (D:7)
  3 scorpions
  A wight (D:7)
  A howler monkey (D:8)
  A hound (D:4)
  Jessica (D:2)
  2 iguanas
  6 orc wizards
  Natasha (thrice) (D:2)
  10 adders
  2 gnolls
  A shadow imp (D:6)
  An ufetubus (D:5)
  2 worms
  A dart slug (D:2)
  8 orcs
  3 bats
  2 endoplasms
  6 giant cockroaches
  6 goblins
  8 hobgoblins
  3 jackals (D:3)
  5 kobolds
  3 quokkas (D:1)
  9 ball pythons
  7 frilled lizards
  10 rats
120 creatures vanquished.

Notes
Turn   | Place    | Note
-------+----------+-------------------------------------------
     0 | D:1      | frimble the Formicid Hunter began the quest for the Orb.
     0 | D:1      | Reached XP level 1. HP: 16/16 MP: 1/1
    80 | D:1      | Reached XP level 2. HP: 23/23 MP: 2/2
   271 | D:1      | Reached XP level 3. HP: 29/29 MP: 3/3
   892 | D:2      | Reached skill level 5 in Slings
   897 | D:2      | You fall into a shaft and drop 1 floor!
   950 | D:3      | Reached XP level 4. HP: 35/35 MP: 4/4
  1053 | D:3      | Found a transporter.
  1135 | D:2      | Noticed Natasha
  1138 | D:2      | Killed Natasha
  1447 | D:2      | Reached XP level 5. HP: 42/42 MP: 5/5
  1477 | D:2      | Noticed Natasha
  1489 | D:2      | Killed Natasha
  1527 | D:2      | Noticed Natasha
  1536 | D:2      | Killed Natasha
  1862 | D:2      | Noticed Jessica
  1867 | D:2      | Killed Jessica
  1868 | D:2      | Reached XP level 6. HP: 49/49 MP: 6/6
  2259 | D:3      | Found a glowing golden altar of the Shining One.
  2342 | D:3      | Found a transporter.
  2343 | D:3      | Noticed kyalle's ghost (amateur MfFi)
  3082 | D:4      | Found a white marble altar of Elyvilon.
  3097 | D:4      | Noticed a black bear
  3109 | D:4      | Killed a black bear
  3110 | D:4      | Reached skill level 5 in Fighting
  3110 | D:4      | Reached skill level 1 in Short Blades
  3749 | D:4      | Reached XP level 7. HP: 56/56 MP: 7/7
  3761 | D:4      | Found a radiant altar of Vehumet.
  3784 | D:4      | You fall into a shaft and drop 1 floor!
  3784 | D:5      | Entered Level 5 of the Dungeon
  3784 | D:5      | Found a shimmering altar of Xom.
  4327 | D:5      | Noticed Blork the orc
  4341 | D:5      | Killed Blork the orc
  5105 | D:4      | Reached XP level 8. HP: 50/64 MP: 8/8
  5236 | D:4      | Found an ancient bone altar of Kikubaaqudgha.
  5244 | D:4      | Got Vehumet's Compendium of Conjuration
  5256 | D:4      | Found a shimmering blue altar of Sif Muna.
  5425 | D:6      | You fall into a shaft and drop 1 floor!
  5554 | D:7      | Reached skill level 5 in Stealth
  5757 | D:7      | Found a staircase to the Ecumenical Temple.
  5856 | Temple   | Entered the Ecumenical Temple
  6308 | D:6      | Noticed Menkaure
  6311 | D:6      | Killed Menkaure
  6359 | D:6      | Noticed Sigmund
  6369 | D:6      | Killed Sigmund
  6370 | D:6      | Reached XP level 9. HP: 66/72 MP: 9/9
  6463 | D:6      | Identified the +0 hat of Dyzxe {rPois rN+ Regen+ Dex-3}
  6602 | D:6      | Reached skill level 5 in Short Blades
  7103 | D:6      | Noticed Eustachio
  7114 | D:6      | You fall into a shaft and drop 2 floors!
  7268 | D:8      | Noticed Pikel
  7315 | D:8      | Killed Pikel
  7632 | D:8      | Noticed Grum
  7643 | D:8      | Reached skill level 1 in Long Blades
  7955 | D:7      | Found a snail-covered altar of Cheibriados.
  8011 | D:7      | You fall into a shaft and drop 1 floor!
  8111 | D:9      | Noticed Joseph
  8127 | D:9      | Killed Joseph
  8164 | D:9      | Shot with an arrow by a centaur

Illustrated notes

Levels and vault maps discovered:
D:1:      dpeg_arrival_tiny_g, layout_basic
D:2:      minmay_chambers_of_twos, layout_loops_ring, uniq_natasha, uniq_jessica
D:3:      layout_loops_corners, mainiacjoe_overflow_brackets,
          gammafunk_ghost_mausoleum, grunt_decor_cap, grunt_ministairs_12
D:4:      layout_rooms, palyth_temple_overflow_mages,
          nicolae_elyvilon_temple_path
D:5:      layout_rooms, old_standard_altar, uniq_blork_the_orc
D:6:      layout_basic, uniq_eustachio, uniq_menkaure, uniq_edmund, uniq_sigmund
D:7:      layout_basic, mainiacjoe_overflow_24_doors, minmay_temple_entry_mist,
          st_stairs_3, chequers_serial_rivers_small_b
D:8:      layout_loops_ring, mainiacjoe_overflow_catch_the_wave, uniq_grum,
          uniq_pikel, uniq_prince_ribbit1, uniq_maurice
D:9:      layout_loops_ring, nicolae_qazlal_scattered_showers, serial_rivers,
          chequers_serial_rivers_micro_e, chequers_serial_rivers_micro_a,
          chequers_serial_rivers_small_a, chequers_serial_rivers_small_3,
          chequers_serial_rivers_small_b, chequers_serial_rivers_large_b,
          gammafunk_ghost_arena, enter_bailey_3, minmay_misc_feat_encased,
          nrook_pool_corridor, uniq_maggie, uniq_joseph
Temple:   nicolae_temple_figure_zero

Skill      XL: |  1  2  3  4  5  6  7  8  9 |
---------------+----------------------------+-----
Fighting       | 3 4 5 6 7 |  7.8
Slings         | 5 6 |  6.2
Short Blades   | 1 3 4 7 |  7.4
Stealth        | 2 4 6 7 |  7.3
Long Blades    | 3 |  3.9
Dodging        | |  1.7

Action                   |  1- 3 |  4- 6 |  7- 9 || total
-------------------------+-------+-------+-------++-------
Melee: Short sword       |       |       |   184 ||   184
       Hunting sling     |       |       |     2 ||     2
       Punch             |       |       |     2 ||     2
       Long sword        |       |       |    19 ||    19
 Fire: Hunting sling     |    73 |   179 |    85 ||   337
 Abil: Dig               |       |     5 |     1 ||     6
       Shaft Self        |       |       |     5 ||     5
  Use: Scroll            |     2 |       |    12 ||    14
       Potion            |       |       |     6 ||     6
 Stab: Sleeping          |       |       |     2 ||     2
Armor: Leather armour    |     5 |     8 |    36 ||    49
       Robe              |       |       |    24 ||    24
Dodge: Dodged            |    13 |    34 |   213 ||   260
       Repelled          |       |       |     5 ||     5

Table legend: (Time is in decaauts)
 A = Elapsed time spent in this place.
 B = Non-inter-level travel time spent in this place.
 C = Inter-level travel time spent in this place.
 D = Time resting spent in this place.
 E = Time spent auto-exploring this place.
 F = Levels seen in this place.
 G = Mean time per level.
                   A        B        C        D        E       F      G
               +--------+--------+--------+--------+--------+-----+--------+
         Total |   8221 |   7872 |    349 |   1042 |   5533 |  10 |  822.1 |
       Dungeon |   8097 |   7759 |    338 |   1042 |   5421 |   9 |  899.7 |
        Temple |    123 |    113 |     10 |      0 |    112 |   1 |  123.0 |
               +--------+--------+--------+--------+--------+-----+--------+

Top non-repeatable levels by time:
     D:5: 1275 daAuts
     D:3: 1132 daAuts
     D:7: 1104 daAuts
     D:2: 1087 daAuts
     D:4: 1080 daAuts
     D:1: 897 daAuts
     D:6: 818 daAuts
     D:8: 648 daAuts
  Temple: 123 daAuts
     D:9: 53 daAuts
